MWL (24 & UNDER)
COLUMBIA 08S @ ERIE JAXX
07/17/2027
 
TOP OF THE 1ST
Columbia 08s batting - Pitching for Erie Jaxx : LHP Scott McCullough
Pitching: LHP Scott McCullough
Batting: LHB Claudio Palácios 0-0: Called Strike
0-1: Fly out, F6 (Line Drive, 6M)
Batting: RHB Henry Fox 0-0: Foul Ball, location: 2F
0-1: Ball
1-1: Ball
2-1: SINGLE (Groundball, 6) (infield hit)
Batting: RHB Carlos López 0-0: Foul Ball, location: 2F
0-1: Ball
1-1: Called Strike
1-2: Ball
2-2: Foul Ball, location: 2F
2-2: Grounds into double play, 6-4-3 (Groundball, 6)
Top of the 1st over - 0 run(s), 1 hit(s), 0 error(s), 0 left on base; Columbia 0 - Erie 0
BOTTOM OF THE 1ST
Erie Jaxx batting - Pitching for Columbia 08s : RHP Lewis Sweeney
Pitching: RHP Lewis Sweeney
Batting: RHB Júlio Hernández 0-0: Ball
1-0: Called Strike
1-1: Swinging Strike
1-2: Ball
2-2: Foul Ball, location: 2F
2-2: Strikes out swinging
Batting: SHB José Durango 0-0: Called Strike
0-1: Ball
1-1: Foul Ball, location: 2F
1-2: Foul Ball, location: 2F
1-2: Strikes out swinging
Batting: LHB Josh Pérez 0-0: Ball
1-0: Ball
2-0: Ball
3-0: Called Strike
3-1: Base on Balls
Batting: SHB Michael Field 0-0: Ball
1-0: Ball
2-0: 2-RUN HOME RUN (Flyball, 8RXD), Distance : 418 ft
Batting: LHB Jim Knight 0-0: Foul Ball, location: 2F
0-1: Ball
1-1: Swinging Strike
1-2: Ball
2-2: Ball
3-2: Foul Ball, location: 2F
3-2: Strikes out swinging
Bottom of the 1st over - 2 run(s), 1 hit(s), 0 error(s), 0 left on base; Columbia 0 - Erie 2
TOP OF THE 2ND
Columbia 08s batting - Pitching for Erie Jaxx : LHP Scott McCullough
Batting: RHB Jaime Hernández 0-0: Ball
1-0: SINGLE (Flyball, 89S)
Batting: RHB Chris Burrell 0-0: Ball
1-0: Called Strike
1-1: Called Strike
1-2: Fly out, F8 (Flyball, 8RD)
Batting: LHB Dave Raines 0-0: Ball
1-0: Ball
2-0: Foul Ball, location: 2F
2-1: Foul Ball, location: 2F
2-2: Ball
3-2: Foul Ball, location: 2F
3-2: DOUBLE (Line Drive, 89D)
Jaime Hernández to third
Runner from 3rd tries for Home, throw and OUT!
Batting: RHB James Hunter 0-0: Ball
1-0: DOUBLE (Line Drive, 7LM)
Dave Raines scores
Batting: RHB Carlos Estrada 0-0: Ball
1-0: Ball
2-0: Foul Ball, location: 2F
2-1: Ground out 6-3 (Groundball, 6)
Top of the 2nd over - 1 run(s), 3 hit(s), 0 error(s), 1 left on base; Columbia 1 - Erie 2
BOTTOM OF THE 2ND
Erie Jaxx batting - Pitching for Columbia 08s : RHP Lewis Sweeney
Batting: RHB Andrés Silva 0-0: Called Strike
0-1: Called Strike
0-2: Strikes out swinging
Batting: RHB Ángel Serrano 0-0: Ball
1-0: Foul Ball, location: 2F
1-1: Ball
2-1: Ball
3-1: SINGLE (Flyball, 8LS)
Batting: RHB Alfredo Ramírez 0-0: Ball
1-0: Ball
2-0: Fielders Choice at 2nd, 3-6 (Groundball, 34)
Batting: RHB Ed Keesee 0-0: Called Strike
Alfredo Ramírez steals 2nd base
0-1: Swinging Strike
0-2: DOUBLE (Line Drive, 7LM)
Alfredo Ramírez scores
Batting: RHB Júlio Hernández 0-0: Ground out 5-3 (Groundball, 2L)
Bottom of the 2nd over - 1 run(s), 2 hit(s), 0 error(s), 1 left on base; Columbia 1 - Erie 3
TOP OF THE 3RD
Columbia 08s batting - Pitching for Erie Jaxx : LHP Scott McCullough
Batting: RHB Ernesto Villa 0-0: Foul Ball, location: 2F
0-1: Ground out 4-3 (Groundball, 4MD)
Batting: LHB Claudio Palácios 0-0: Swinging Strike
0-1: Ball
1-1: Called Strike
1-2: Foul Ball, location: 2F
1-2: Ball
2-2: Strikes out swinging
Batting: RHB Henry Fox 0-0: Ball
1-0: SINGLE (Groundball, 56D)
Batting: RHB Carlos López 0-0: Ball
1-0: SINGLE (Groundball, 56D)
Henry Fox to second
Batting: RHB Jaime Hernández 0-0: Called Strike
0-1: Swinging Strike
0-2: Strikes out swinging, 2-3 out at first.
Top of the 3rd over - 0 run(s), 2 hit(s), 0 error(s), 2 left on base; Columbia 1 - Erie 3
BOTTOM OF THE 3RD
Erie Jaxx batting - Pitching for Columbia 08s : RHP Lewis Sweeney
Batting: SHB José Durango 0-0: Ball
1-0: Called Strike
1-1: Foul Ball, location: 2F
1-2: Ball
2-2: Ball
3-2: SOLO HOME RUN (Flyball, 89XD), Distance : 413 ft
Batting: LHB Josh Pérez 0-0: Ball
1-0: Foul Ball, location: 2F
1-1: Ball
2-1: Called Strike
2-2: Foul Ball, location: 2F
2-2: Ball
3-2: SINGLE (Line Drive, 89S)
Batting: SHB Michael Field 0-0: Ball
1-0: Ball
2-0: Ball
3-0: Base on Balls
Josh Pérez to second
Batting: LHB Jim Knight 0-0: Called Strike
0-1: Fly out, F7 (Flyball, 7LSF)
Batting: RHB Andrés Silva 0-0: Ball
1-0: Foul Ball, location: 2F
1-1: Ball
2-1: Foul Ball, location: 2F
2-2: SINGLE (Line Drive, 5S)
Josh Pérez to third
Michael Field to second
Batting: RHB Ángel Serrano 0-0: Called Strike
0-1: Foul Ball, location: 2F
0-2: Ball
1-2: Foul Ball, location: 2F
1-2: Ball
2-2: Grounds into double play, 6-4-3 (Groundball, 6)
Bottom of the 3rd over - 1 run(s), 3 hit(s), 0 error(s), 2 left on base; Columbia 1 - Erie 4
TOP OF THE 4TH
Columbia 08s batting - Pitching for Erie Jaxx : LHP Scott McCullough
Batting: RHB Chris Burrell 0-0: Ball
1-0: Foul Ball, location: 2F
1-1: Ball
2-1: SINGLE (Flyball, 8RS)
Batting: LHB Dave Raines 0-0: Foul Ball, location: 2F
0-1: Swinging Strike
0-2: Ball
1-2: Ball
2-2: Ball
3-2: Strikes out looking
Batting: RHB James Hunter 0-0: Foul Ball, location: 2F
0-1: Swinging Strike
0-2: Ball
1-2: Ground out 5-3 (Groundball, 56S)
Chris Burrell to second
Batting: RHB Carlos Estrada 0-0: SINGLE (Flyball, 78M)
Chris Burrell to third
Runner from 3rd tries for Home, SAFE, no throw
Batting: RHB Ernesto Villa 0-0: Ball
1-0: Ball
2-0: SINGLE (Line Drive, 9S)
Carlos Estrada to second
Batting: LHB Claudio Palácios 0-0: Ball
1-0: Ball
2-0: Called Strike
2-1: Ball
3-1: Base on Balls
Carlos Estrada to third
Ernesto Villa to second
Batting: RHB Henry Fox 0-0: Ball
1-0: Called Strike
1-1: Ball
2-1: Ball
3-1: Foul Ball, location: 2F
3-2: Foul Ball, location: 2F
3-2: SINGLE (Line Drive, 6MD)
Carlos Estrada scores
Ernesto Villa to third
Claudio Palácios to second
Ernesto Villa scores
Claudio Palácios to third
Batting: RHB Carlos López 0-0: Ball
1-0: Ball
2-0: Ball
3-0: Called Strike
3-1: Base on Balls
Henry Fox to second
Batting: RHB Jaime Hernández 0-0: Ball
1-0: Fly out, F8 (Flyball, 89D)
Top of the 4th over - 3 run(s), 4 hit(s), 0 error(s), 3 left on base; Columbia 4 - Erie 4
BOTTOM OF THE 4TH
Erie Jaxx batting - Pitching for Columbia 08s : RHP Lewis Sweeney
Batting: RHB Alfredo Ramírez 0-0: Ball
1-0: Fly out, F8 (Flyball, 8RS)
Batting: RHB Ed Keesee 0-0: Ball
1-0: Fly out, F9 (Flyball, 89XD)
Batting: RHB Júlio Hernández 0-0: Foul Ball, location: 2F
0-1: Ball
1-1: Ball
2-1: Foul Ball, location: 2F
2-2: Ground out 2-3 (Groundball, 2R)
Bottom of the 4th over - 0 run(s), 0 hit(s), 0 error(s), 0 left on base; Columbia 4 - Erie 4
TOP OF THE 5TH
Columbia 08s batting - Pitching for Erie Jaxx : LHP Scott McCullough
Batting: RHB Chris Burrell 0-0: Called Strike
0-1: Called Strike
0-2: Ball
1-2: Ball
2-2: Strikes out swinging
Pitching: LHP Jesús Acosta
Batting: LHB Dave Raines 0-0: Swinging Strike
0-1: Fly out, F7 (Flyball, 7S)
Batting: RHB James Hunter 0-0: Called Strike
0-1: Called Strike
0-2: Ball
1-2: SINGLE (Groundball, 3) (infield hit)
Batting: RHB Carlos Estrada 0-0: Fielders Choice at 2nd, 6-4 (Groundball, 6)
Top of the 5th over - 0 run(s), 1 hit(s), 0 error(s), 0 left on base; Columbia 4 - Erie 4
BOTTOM OF THE 5TH
Erie Jaxx batting - Pitching for Columbia 08s : RHP Lewis Sweeney
Batting: SHB José Durango 0-0: Called Strike
0-1: Ball
1-1: Ball
2-1: Foul Ball, location: 2F
2-2: Ball
3-2: Fly out, F5 (Line Drive, 5S)
Pitching: LHP Henny van der Lack
Batting: LHB Josh Pérez 0-0: Called Strike
0-1: Ball
1-1: Called Strike
1-2: Ball
2-2: Ball
3-2: Foul Ball, location: 2F
3-2: Fly out, F5 (Popup, 56)
Batting: SHB Michael Field 0-0: Called Strike
0-1: Ball
1-1: Swinging Strike
1-2: Ground out 6-3 (Groundball, 6)
Bottom of the 5th over - 0 run(s), 0 hit(s), 0 error(s), 0 left on base; Columbia 4 - Erie 4
TOP OF THE 6TH
Columbia 08s batting - Pitching for Erie Jaxx : LHP Jesús Acosta
Batting: RHB Ernesto Villa 0-0: Reached on error, E5 (Groundball, 56)
Batting: LHB Claudio Palácios 0-0: Called Strike
0-1: Ball
1-1: Ball
2-1: Ball
3-1: Base on Balls
Ernesto Villa to second
Batting: RHB Henry Fox 0-0: SINGLE (Line Drive, 9S)
Ernesto Villa to third
Claudio Palácios to second
Batting: RHB Carlos López 0-0: Ball
1-0: Ball
2-0: Swinging Strike
2-1: Foul Ball, location: 2F
2-2: Ball
3-2: Strikes out swinging
Batting: RHB Jaime Hernández 0-0: Called Strike
0-1: Swinging Strike
0-2: Ball
1-2: Foul Ball, location: 2F
1-2: Strikes out swinging
Batting: RHB Chris Burrell 0-0: Ball
1-0: Called Strike
1-1: Swinging Strike
1-2: SINGLE (Groundball, 34D)
Ernesto Villa scores
Claudio Palácios to third
Henry Fox to second
Runner from 3rd tries for Home, SAFE, no throw
Batting: LHB Dave Raines 0-0: Ball
1-0: Ball
2-0: Ball
3-0: Base on Balls
Henry Fox to third
Chris Burrell to second
Batting: RHB James Hunter 0-0: Ball
1-0: Called Strike
1-1: Ball
2-1: Foul Ball, location: 2F
2-2: SINGLE (Line Drive, 7LS)
Henry Fox scores
Chris Burrell to third
Dave Raines to second
Runner from 3rd tries for Home, SAFE, no throw
Pitching: LHP Francisco Ramírez
Batting: RHB Carlos Estrada 0-0: Foul Ball, location: 2F
0-1: Called Strike
0-2: Ball
1-2: Fly out, F5 (Popup, 5D)
Top of the 6th over - 4 run(s), 3 hit(s), 1 error(s), 2 left on base; Columbia 8 - Erie 4
BOTTOM OF THE 6TH
Erie Jaxx batting - Pitching for Columbia 08s : LHP Henny van der Lack
Batting: LHB Jim Knight 0-0: Called Strike
0-1: Swinging Strike
0-2: Ball
1-2: Fly out, F7 (Flyball, 7S)
Batting: RHB Andrés Silva 0-0: Called Strike
0-1: Swinging Strike
0-2: Ball
1-2: Strikes out looking
Batting: RHB Ángel Serrano 0-0: Foul Ball, location: 2F
0-1: Ball
1-1: Called Strike
1-2: Ball
2-2: Ball
3-2: Foul Ball, location: 2F
3-2: Foul Ball, location: 2F
3-2: Base on Balls
Batting: RHB Alfredo Ramírez 0-0: Foul Ball, location: 2F
0-1: Fielders Choice at 2nd, 6-4 (Groundball, 6)
Bottom of the 6th over - 0 run(s), 0 hit(s), 0 error(s), 0 left on base; Columbia 8 - Erie 4
TOP OF THE 7TH
Columbia 08s batting - Pitching for Erie Jaxx : LHP Francisco Ramírez
Batting: RHB Ernesto Villa 0-0: Ball
1-0: Called Strike
1-1: Ball
2-1: Foul Ball, location: 2F
2-2: Foul Ball, location: 2F
2-2: Fly out, F8 (Flyball, 8RM)
Batting: LHB Claudio Palácios 0-0: Swinging Strike
0-1: Swinging Strike
0-2: Strikes out swinging
Batting: RHB Henry Fox 0-0: Ball
1-0: Ball
2-0: Ball
3-0: Swinging Strike
3-1: Foul Ball, location: 2F
3-2: Foul Ball, location: 2F
3-2: Base on Balls
Batting: RHB Carlos López Balk!
Henry Fox to second
0-0: Ball
1-0: Called Strike
1-1: Called Strike
1-2: Ball
2-2: SINGLE (Groundball, 6D)
Henry Fox to third
Runner from 3rd tries for Home, SAFE, no throw
Batting: RHB Jaime Hernández 0-0: Fly out, F5 (Popup, 5D)
Top of the 7th over - 1 run(s), 1 hit(s), 0 error(s), 1 left on base; Columbia 9 - Erie 4
BOTTOM OF THE 7TH
Erie Jaxx batting - Pitching for Columbia 08s : LHP Henny van der Lack
Batting: RHB Ed Keesee 0-0: Called Strike
0-1: Called Strike
0-2: Strikes out swinging
Batting: RHB Júlio Hernández 0-0: Ball
1-0: Swinging Strike
1-1: Foul Ball, location: 2F
1-2: Strikes out looking
Batting: SHB José Durango 0-0: Called Strike
0-1: Foul Ball, location: 2F
0-2: SINGLE (Line Drive, 4MD)
Batting: LHB Josh Pérez 0-0: Ball
1-0: Called Strike
1-1: Ball
2-1: Fly out, F9 (Flyball, 9S)
Bottom of the 7th over - 0 run(s), 1 hit(s), 0 error(s), 1 left on base; Columbia 9 - Erie 4
TOP OF THE 8TH
Columbia 08s batting - Pitching for Erie Jaxx : LHP Francisco Ramírez
Batting: RHB Chris Burrell 0-0: Called Strike
0-1: Ball
1-1: Swinging Strike
1-2: DOUBLE (Line Drive, 9LM)
Pitching: RHP Jorge Ríos
Batting: LHB Dave Raines 0-0: Ball
1-0: Called Strike
1-1: Ball
2-1: Swinging Strike
2-2: Ball
3-2: Foul Ball, location: 2F
3-2: Foul Ball, location: 2F
3-2: Strikes out looking
Batting: RHB James Hunter 0-0: Ball
1-0: Foul Ball, location: 2F
1-1: Foul Ball, location: 2F
1-2: Strikes out looking
Batting: RHB Carlos Estrada 0-0: Called Strike
0-1: Called Strike
0-2: Strikes out looking
Top of the 8th over - 0 run(s), 1 hit(s), 0 error(s), 1 left on base; Columbia 9 - Erie 4
BOTTOM OF THE 8TH
Erie Jaxx batting - Pitching for Columbia 08s : LHP Henny van der Lack
Now in RF: Francisco Gonzáles
Batting: SHB Michael Field 0-0: Ball
1-0: DOUBLE (Flyball, 8LD)
Batting: LHB Jim Knight 0-0: Called Strike
0-1: Ball
Passed Ball!
Michael Field to third
1-1: DOUBLE (Groundball, 3L)
Michael Field scores
Batting: RHB Andrés Silva 0-0: Ball
1-0: Ball
2-0: Ball
3-0: Base on Balls
Pitching: RHP Jorge Amador
Batting: RHB Ángel Serrano 0-0: Ball
1-0: Foul Ball, location: 2F
1-1: Ball
2-1: SINGLE (Groundball, 4MD)
Jim Knight to third
Andrés Silva to second
Batting: RHB Alfredo Ramírez 0-0: Ball
1-0: SINGLE (Groundball, 5D)
Jim Knight scores
Andrés Silva to third
Ángel Serrano to second
Batting: RHB Ed Keesee 0-0: Called Strike
0-1: Swinging Strike
0-2: Strikes out swinging
Pinch Hitting: RHB Edgardo Castro 0-0: Called Strike
0-1: Foul Ball, location: 2F
0-2: Ball
1-2: Foul Ball, location: 2F
1-2: Ball
2-2: Ball
3-2: Foul Ball, location: 2F
3-2: Grounds into double play, 6-4-3 (Groundball, 6)
Bottom of the 8th over - 2 run(s), 4 hit(s), 0 error(s), 2 left on base; Columbia 9 - Erie 6
TOP OF THE 9TH
Columbia 08s batting - Pitching for Erie Jaxx : RHP Jorge Ríos
Now at SS: Guaspar Vasche
Batting: RHB Ernesto Villa 0-0: Ball
1-0: SINGLE (Groundball, 34D)
Batting: LHB Claudio Palácios 0-0: Bunted foul
0-1: Bunted foul
0-2: Ball
1-2: Ball
2-2: SINGLE (Line Drive, 34)
Ernesto Villa to second
Batting: RHB Henry Fox 0-0: Ball
1-0: Sac Bunt - play at first, batter OUT! 1-4
Ernesto Villa to third
Claudio Palácios to second
Batting: RHB Carlos López 0-0: Ground out 5-3 (Groundball, 5)
Batting: RHB Jaime Hernández 0-0: Called Strike
0-1: Swinging Strike
0-2: Ball
1-2: Fly out, F8 (Flyball, 8LD)
Top of the 9th over - 0 run(s), 2 hit(s), 0 error(s), 2 left on base; Columbia 9 - Erie 6
BOTTOM OF THE 9TH
Erie Jaxx batting - Pitching for Columbia 08s : RHP Jorge Amador
Pitching: RHP Alejandro Hernández
Batting: SHB José Durango 0-0: Swinging Strike
0-1: Ball
1-1: Ball
2-1: Ground out 1-3 (Groundball, 13)
Batting: LHB Josh Pérez 0-0: Ball
1-0: Ground out 4-3 (Groundball, 34D)
Batting: SHB Michael Field 0-0: Fly out, F8 (Flyball, 8RM)
Bottom of the 9th over - 0 run(s), 0 hit(s), 0 error(s), 0 left on base; Columbia 9 - Erie 6
Thursday, March 30th, 2017 - OOTP Baseball 17.12 Build 75